 Seeded DCSS version 0.28-a0-1567-g1695149f81 (webtiles) character file.

Game seed: 1 (custom seed)

9 knot the Chopper (level 2, 22/36 HPs)
             Began as a Demonspawn Berserker on Jan 20, 2022.
             Was a Follower of Trog.
             Quit the game on level 1 of the Dungeon.
             The game lasted 00:00:21 (304 turns).

knot the Chopper (Demonspawn Berserker)              Turns: 304, Time: 00:00:21

Health: 22/36      AC:  2    Str: 17    XL:     2   Next: 3%
Magic:  2/2        EV: 12    Int:  8    God:    Trog [*.....]
Gold:   13         SH:  4    Dex: 12    Spells: 1/1 levels left

rFire   . . .      SeeInvis .   a - +0 hand axe
rCold   . . .      Faith    .   (no shield)
rNeg    . . .      Spirit   .   b - +0 animal skin
rPois   .          Reflect  .   (no helmet)
rElec   .          Harm     .   (no cloak)
rCorr   .          Rampage  .   (no gloves)
Will    .....                   (no boots)
Stlth   ..........              (no amulet)
HPRegen 0.12/turn               (no ring)
MPRegen 0.08/turn               (no ring)

@: berserking, very quick
A: condensation shield
a: Renounce Religion, Berserk


You were on level 1 of the Dungeon.
You worshipped Trog.
Trog was aware of your devotion.
You visited 1 branch of the dungeon, and saw 1 of its levels.

You collected 13 gold pieces.

Inventory:

Hand Weapons
 a - a +0 hand axe (weapon)
Missiles
 c - 17 stones (quivered)
Armour
 b - a +0 animal skin (worn)


   Skills:
 - Level 3.0 Fighting
 + Level 3.2 Axes
 - Level 1.7 Armour
 - Level 1.7 Dodging


You had one spell level left.
You didn't know any spells.
Your spell library was empty.

Dungeon Overview and Level Annotations

Branches:
Dungeon (1/15)

Altars:


Innate Abilities, Weirdness & Mutations

A meltable shield of frost defends you. (SH +4)


Message History

The hobgoblin shouts!
A bat comes into view.
No target in view!
No target in view!
No target in view!
No target in view!
No target in view!
A hobgoblin comes into view.
The hobgoblin shouts!
A giant cockroach comes into view.
The bat hits you but does no damage. The bat closely misses you.
The bat barely misses you. The giant cockroach barely misses you.
You closely miss the giant cockroach. You punch the giant cockroach.
The giant cockroach is severely wounded.
You closely miss the bat. The bat hits you but does no damage.
The bat hits you. The giant cockroach bites you. The hobgoblin hits you.
You hit the giant cockroach.
You kill the giant cockroach!
Trog accepts your kill.
You hit the bat.
You kill the bat!
Trog accepts your kill.
You hit the hobgoblin but do no damage. The hobgoblin closely misses you.
You hit the hobgoblin but do no damage. You hit the hobgoblin.
The hobgoblin hits you. The hobgoblin barely misses you.
The hobgoblin hits you.
A red film seems to cover your vision as you go berserk!
You feel yourself moving faster!
You feel mighty!
A rat comes into view.
The hobgoblin barely misses you. The hobgoblin closely misses you.
You slash the hobgoblin!
You kill the hobgoblin!
Trog accepts your kill.
You closely miss the hobgoblin.
You have reached level 2!
Your demonic ancestry asserts itself...
Frost condenses into a shield before you.
Unknown command.
Are you sure you want to abandon this character and quit the game? (Confirm with "yes".)

... ##.##.# ..
#.##.#
#.##.#####..
#.##.....g..
#####.##.#####
#............#
#.####.#...#.#.#
#.........r.#
#.#...@##.###
#.#..g†# .# #
#.##.# # #.##.#
#.##.# #.. ###


You could see a hobgoblin and a rat.

Vanquished Creatures
  A dart slug (D:1)
  A giant cockroach (D:1)
  A goblin (D:1)
  A hobgoblin (D:1)
  A kobold (D:1)
  A bat (D:1)
6 creatures vanquished.

Notes
Turn   | Place    | Note
-------+----------+-------------------------------------------
     0 | D:1      | knot the Demonspawn Berserker began the quest for the Orb.
     0 | D:1      | Reached XP level 1. HP: 18/18 MP: 1/1
   304 | D:1      | Gained mutation: A meltable shield of frost defends you.
                  | (SH +4) [demonic ancestry]
   304 | D:1      | Reached XP level 2. HP: 22/24 MP: 2/2
   304 | D:1      | Quit the game

Illustrated notes

Levels and vault maps discovered:
D:1:      zelgadis_glass_arrival_small, layout_basic,
          dreamdust_ecumenical_altar_grove

Skill      XL: |  1 |
---------------+----+-----
Axes           | 3 |  3.2
Fighting       | |  3.0
Armour         | |  1.7
Dodging        | |  1.7

Action                   || total
-------------------------++-------
Melee: Hand axe          ||    13
       Punch             ||     1
Invok: Berserk           ||     2
Armor: Animal skin       ||     2
Dodge: Dodged            ||     9

Table legend: (Time is in decaauts)
 A = Elapsed time spent in this place.
 B = Non-inter-level travel time spent in this place.
 C = Inter-level travel time spent in this place.
 D = Time resting spent in this place.
 E = Time spent auto-exploring this place.
 F = Levels seen in this place.
 G = Mean time per level.
                   A        B        C        D        E       F      G
               +--------+--------+--------+--------+--------+-----+--------+
         Total |    319 |    319 |      0 |    203 |     85 |   1 |  319.0 |
       Dungeon |    319 |    319 |      0 |    203 |     85 |   1 |  319.0 |
               +--------+--------+--------+--------+--------+-----+--------+

Top non-repeatable levels by time:
     D:1: 319 daAuts
